 Dungeon Crawl Stone Soup version 0.27-a0-1595-g0b823d0a13 (webtiles) character file.

Game seed: 5742777855679973899

286 gruber the Insei (level 6, -1/47 HPs)
             Began as a Gnoll Transmuter on July 21, 2021.
             Succumbed to an orc's poison
             ... on level 4 of the Dungeon.
             The game lasted 00:05:32 (4364 turns).

gruber the Insei (Gnoll Transmuter)                 Turns: 4364, Time: 00:05:32

Health: -1/47      AC:  5    Str:  9    XL:     6   Next: 30%
Magic:  14/14      EV: 11    Int: 15    God:
Gold:   250        SH:  0    Dex: 12    Spells: 5/15 levels left

rFire    . . .     SeeInvis .   v - +2 rapier (freeze)
rCold    . . .     Faith    .   (no shield)
rNeg     . . .     Spirit   .   e - +0 ring mail
rPois    .         Reflect  .   (helmet currently unavailable)
rElec    .         Harm     .   (no cloak)
rCorr    .         Rampage  .   (no gloves)
Will     .....                  (boots currently unavailable)
Stlth    +.........             (no amulet)
HPRegen  0.15/turn              s - ring of wizardry
MPRegen  0.14/turn              (no ring)

@: lethally poisoned (-1 -> -29), appendages (expiring), flying
A: horns 2, talons 2, fangs 1, strong nose, distributed training
a: End Transformation


You were on level 4 of the Dungeon.
You had temporarily grown beastly horns and talons.
You visited 1 branch of the dungeon, and saw 4 of its levels.

You collected 250 gold pieces.

Inventory:

Hand Weapons
 q - a +2 dagger of venom
 v - a +2 rapier of freezing (weapon)
Missiles
 g - 8 atropa-tipped darts
 x - 16 poisoned darts
Armour
 a - a +0 robe
 e - a +0 ring mail (worn)
 r - a +0 helmet (melded)
Jewellery
 s - a ring of wizardry (left hand)
Scrolls
 c - 6 scrolls of identify {unknown}
 d - a scroll of amnesia {unknown}
 h - a scroll of noise {unknown}
 j - a scroll of vulnerability {unknown}
 k - a scroll of magic mapping {unknown}
 m - a scroll of holy word {unknown}
 n - a scroll of enchant weapon {unknown}
 t - a scroll of enchant armour {unknown}
 u - a scroll of acquirement {unknown}
 w - a scroll of fog {unknown}
 y - a scroll of fear {unknown}
Potions
 b - a potion of might {unknown}
 f - 2 potions of flight
 i - a potion of berserk rage {unknown}
 l - a potion of curing {unknown}
 o - a potion of heal wounds {unknown}
 p - a potion of invisibility {unknown}


   Skills:
 + Level 3.2 Fighting
 + Level 1.9 Short Blades
 + Level 1.9 Long Blades
 + Level 1.9 Axes
 + Level 1.9 Maces & Flails
 + Level 1.9 Polearms
 + Level 1.9 Staves
 + Level 1.9 Slings
 + Level 1.9 Bows
 + Level 1.9 Crossbows
 + Level 1.9 Throwing
 + Level 1.9 Armour
 + Level 4.9 Dodging
 + Level 1.9 Stealth
 + Level 1.9 Shields
 + Level 6.8 Unarmed Combat
 + Level 5.3 Spellcasting
 + Level 1.5 Conjurations
 + Level 1.5 Hexes
 + Level 1.5 Summonings
 + Level 1.5 Necromancy
 + Level 1.5 Translocations
 + Level 4.1 Transmutations
 + Level 1.5 Fire Magic
 + Level 1.5 Ice Magic
 + Level 1.5 Air Magic
 + Level 1.5 Earth Magic
 + Level 1.5 Poison Magic
 + Level 2.1 Invocations
 + Level 1.9 Evocations


You had 5 spell levels left.
You knew the following spells:

 Your Spells              Type           Power      Damage    Failure   Level
a - Beastly Appendage     Tmut           32%        N/A       3%          1
b - Wereblood             Tmut           16%        N/A       4%          2
c - Spider Form           Tmut/Pois      6%         N/A       16%         3
d - Ice Form              Ice/Tmut       12%        N/A       45%         4

Your spell library contained the following spells:

 Spells                   Type           Power      Damage    Failure   Level


Dungeon Overview and Level Annotations

Branches:
Dungeon (4/15)
 Temple: D:4-7

Altars:
Kikubaaqudgha

Shops:
D:1 [   D:2 [


Innate Abilities, Weirdness & Mutations

You have temporarily grown beastly horns and talons.
You have very sharp teeth.
Your uncanny sense of smell can sniff out nearby items.
Your experience applies equally to all skills.


Message History

The orc barely misses you.
Casting: Beastly Appendage (safe; 3% risk of failure)
Confirm with . or Enter, or press ? or * to list all spells.
You grow a pair of large bovine horns.
Your feet morph into talons.
Your +0 helmet melds into your body.
You feel sick. The orc hits you but does no damage.
You are more poisoned.
Unknown command.
Unknown command.
You barely miss the orc. Your kick misses the orc.
You headbutt the orc, but do no damage.
You feel very sick. The orc completely misses you.
You closely miss the orc. You bite the orc, but do no damage.
You feel very sick.
The orc hits you with a +0 dagger of venom.
You are more poisoned.
You hit the orc. You freeze the orc. Your punch misses the orc.
The orc is moderately wounded.
You feel very sick. The orc completely misses you. The orc misses you.
You hit the orc but do no damage. You claw the orc, but do no damage.
The orc is moderately wounded.
You feel very sick.
The orc hits you with a +0 dagger of venom.
* * * LOW HITPOINT WARNING * * *
You are more poisoned.
You hit the orc. You freeze the orc.
The orc is severely wounded.
Your transformation is almost over.
* * * LOW HITPOINT WARNING * * *
You feel very sick.
The orc hits you with a +0 dagger of venom.
* * * LOW HITPOINT WARNING * * *
You are more poisoned.
Unknown command.
It was a potion of flight.
You feel very buoyant.
You fly up into the air.
You die...

#.....##.# #..#
..#####.###.###..#
#.# #..........#
#.# #.......รท.##
#.# ##.##.###.# #.#
#.##.# #.## #.####
#.##.# #... #o...#
#.##.# #.## ## ##@#
#.##.##.# #.#
#...#####.##
#.#.##.###.##
#........##
##..##.##...#
#...###..#
#)[...#..... ##
##.## ##[####.)....
#..## ##.## ##.....
#.#.###.## #....#
.########.......##
#.#.##
...............#.##
#.###


You could see an orc.

Vanquished Creatures
  An ogre (D:4)
  2 iguanas (D:4)
  A howler monkey skeleton (D:4)
  2 adders (D:2)
  2 ufetubi (D:4)
  4 worms
  5 dart slugs
  8 orcs
  3 ball pythons (D:1)
  5 endoplasms
  6 giant cockroaches
  14 goblins
  5 hobgoblins
  4 jackals (D:2)
  6 kobolds
  2 quokkas
  9 bats
  2 frilled lizards
  5 rats
86 creatures vanquished.

Vanquished Creatures (others)
  2 plants (D:1)
  3 withered plants (D:1)
5 creatures vanquished.

Grand Total: 91 creatures vanquished

Notes
Turn   | Place    | Note
-------+----------+-------------------------------------------
     0 | D:1      | gruber the Gnoll Transmuter began the quest for the Orb.
     0 | D:1      | Reached XP level 1. HP: 17/17 MP: 6/6
   163 | D:1      | You fall into a shaft and drop 1 floor!
   181 | D:2      | Reached XP level 2. HP: 17/23 MP: 7/7
   295 | D:1      | Found Zaqonahaidu's Armour Emporium.
   462 | D:1      | Found a faded altar of an unknown god.
   702 | D:1      | Reached skill level 5 in Spellcasting
   702 | D:1      | Reached XP level 3. HP: 17/28 MP: 7/9
  1288 | D:2      | Reached skill level 1 in Invocations
  1548 | D:2      | Reached skill level 1 in Short Blades
  1548 | D:2      | Reached skill level 1 in Long Blades
  1548 | D:2      | Reached skill level 1 in Axes
  1548 | D:2      | Reached skill level 1 in Maces & Flails
  1548 | D:2      | Reached skill level 1 in Polearms
  1548 | D:2      | Reached skill level 1 in Staves
  1548 | D:2      | Reached skill level 1 in Slings
  1548 | D:2      | Reached skill level 1 in Bows
  1548 | D:2      | Reached skill level 1 in Crossbows
  1548 | D:2      | Reached skill level 1 in Throwing
  1548 | D:2      | Reached skill level 1 in Armour
  1548 | D:2      | Reached skill level 1 in Stealth
  1548 | D:2      | Reached skill level 1 in Shields
  1548 | D:2      | Reached skill level 1 in Evocations
  1585 | D:2      | Reached XP level 4. HP: 21/34 MP: 9/11
  1708 | D:2      | Found an ancient bone altar of Kikubaaqudgha.
  1732 | D:2      | Learned a level 2 spell: Wereblood
  1736 | D:2      | Learned a level 3 spell: Spider Form
  1741 | D:2      | Learned a level 4 spell: Ice Form
  1755 | D:2      | Found Qedau's Armour Boutique.
  2198 | D:2      | Reached skill level 1 in Conjurations
  2198 | D:2      | Reached skill level 1 in Hexes
  2198 | D:2      | Reached skill level 1 in Summonings
  2198 | D:2      | Reached skill level 1 in Necromancy
  2198 | D:2      | Reached skill level 1 in Translocations
  2198 | D:2      | Reached skill level 1 in Fire Magic
  2198 | D:2      | Reached skill level 1 in Ice Magic
  2198 | D:2      | Reached skill level 1 in Air Magic
  2198 | D:2      | Reached skill level 1 in Earth Magic
  2198 | D:2      | Reached skill level 1 in Poison Magic
  2928 | D:3      | Reached XP level 5. HP: 40/40 MP: 12/12
  3262 | D:4      | Noticed an ogre
  3549 | D:4      | HP: 1/41 [ogre (18)]
  3989 | D:4      | Killed an ogre
  3990 | D:4      | Reached XP level 6. HP: 47/47 MP: 5/13
  4364 | D:4      | Succumbed to an orc's poison

Illustrated notes

Levels and vault maps discovered:
D:1:      lordsloth_arrival_two_stooges, layout_loops_ring, serial_shops,
          nicolae_shop_waterfront, shapermc_ecumenical_altar_flowoftime
D:2:      cheibrodos_greedy_goblins, layout_rooms, serial_shops, shop,
          basic_altar
D:3:      layout_loops_cross
D:4:      layout_loops_ring

Skill      XL: |  1  2  3  4  5 |
---------------+----------------+-----
Spellcasting   | 5 |  5.3
Invocations    | 1 2 |  2.1
Short Blades   | 1 |  1.9
Long Blades    | 1 |  1.9
Axes           | 1 |  1.9
Maces & Flails | 1 |  1.9
Polearms       | 1 |  1.9
Staves         | 1 |  1.9
Slings         | 1 |  1.9
Bows           | 1 |  1.9
Crossbows      | 1 |  1.9
Throwing       | 1 |  1.9
Armour         | 1 |  1.9
Stealth        | 1 |  1.9
Shields        | 1 |  1.9
Evocations     | 1 |  1.9
Conjurations   | 1 |  1.5
Hexes          | 1 |  1.5
Summonings     | 1 |  1.5
Necromancy     | 1 |  1.5
Translocations | 1 |  1.5
Fire Magic     | 1 |  1.5
Ice Magic      | 1 |  1.5
Air Magic      | 1 |  1.5
Earth Magic    | 1 |  1.5
Poison Magic   | 1 |  1.5
Fighting       | 3 |  3.2
Transmutations | 4 |  4.1
Dodging        | |  4.9
Unarmed Combat | |  6.8

Action                   |  1- 3 |  4- 6 || total
-------------------------+-------+-------++-------
Melee: Unarmed           |   134 |    58 ||   192
       Bite              |    13 |    10 ||    23
       Kick              |     5 |     6 ||    11
       Punch             |     1 |     5 ||     6
       Headbutt          |     1 |     3 ||     4
       Dagger            |       |    30 ||    30
       Rapier            |       |    65 ||    65
 Cast: Beastly Appendage |    15 |     7 ||    22
       Wereblood         |       |     1 ||     1
       Spider Form       |       |     1 ||     1
  Use: Potion            |       |     1 ||     1
 Stab: Sleeping          |       |     1 ||     1
Armor: Robe              |     7 |       ||     7
       Ring mail         |    36 |    50 ||    86
Dodge: Dodged            |    90 |    80 ||   170

Table legend: (Time is in decaauts)
 A = Elapsed time spent in this place.
 B = Non-inter-level travel time spent in this place.
 C = Inter-level travel time spent in this place.
 D = Time resting spent in this place.
 E = Time spent auto-exploring this place.
 F = Levels seen in this place.
 G = Mean time per level.
                   A        B        C        D        E       F      G
               +--------+--------+--------+--------+--------+-----+--------+
         Total |   4350 |   4208 |    142 |    377 |   3094 |   4 | 1087.5 |
       Dungeon |   4350 |   4208 |    142 |    377 |   3094 |   4 | 1087.5 |
               +--------+--------+--------+--------+--------+-----+--------+

Top non-repeatable levels by time:
     D:1: 1449 daAuts
     D:3: 1091 daAuts
     D:4: 950 daAuts
     D:2: 859 daAuts
